 Dungeon Crawl Stone Soup version 0.29-a0-352-g0917bc69df (webtiles) character file.

Game seed: 3123416556274427787

108 spaghetti the Caller (level 4, -3/39 HPs)
             Began as an Ogre Summoner on Apr 23, 2022.
             Was an Initiate of Cheibriados.
             Slain by a black bear (4 damage)
             ... on level 4 of the Dungeon.
             The game lasted 00:05:33 (4228 turns).

spaghetti the Caller (Ogre Summoner)                Turns: 4228, Time: 00:05:33

Health: -3/39      AC:  3    Str: 13    XL:     4   Next: 87%
Magic:  0/7        EV:  9    Int: 25    God:    Cheibriados [......]
Gold:   160        SH:  0    Dex: 10    Spells: 1/7 levels left

rFire   . . .      SeeInvis .   p - +4 mace {mace}
rCold   . . .      Faith    +   (no shield)
rNeg    . . .      Spirit   .   a - +0 robe
rPois   .          Reflect  .   (helmet restricted)
rElec   .          Harm     .   (no cloak)
rCorr   .          Rampage  .   (gloves unavailable)
Will    .....                   (boots unavailable)
Stlth   ++........              q - amulet of faith {!P}
HPRegen 0.13/turn               w - +6 ring of intelligence
MPRegen 0.10/turn               (no ring)

@: very slightly contaminated, very slow
A: large, unfitting armour, tough skin 1
a: Renounce Religion


You were on level 4 of the Dungeon.
You worshipped Cheibriados.
Cheibriados was noncommittal.
You visited 1 branch of the dungeon, and saw 4 of its levels.

You collected 160 gold pieces.


Innate Abilities, Weirdness & Mutations

You are too large for most types of armour.
You have tough skin. (AC +1)


   Skills:
 - Level 1.7 Dodging
 - Level 1.4 Stealth
 - Level 2.4 Spellcasting
 + Level 5.5 Summonings


You had one spell level left.
You knew the following spells:

 Your Spells              Type           Power      Damage    Failure   Level
a - Summon Small Mammal   Summ           100%       N/A       1%          1
b - Call Imp              Summ           30%        N/A       1%          2
c - Call Canine Familiar  Summ           30%        N/A       3%          3

Your spell library contained the following spells:

 Spells                   Type           Power      Damage    Failure   Level
 Sting                    Tmut/Pois      12%        1d3       11%         1
 Summon Guardian Golem    Hex/Summ       16%        N/A       11%         3
 Summon Lightning Spire   Summ/Air       16%        N/A       34%         4

Inventory:

Hand Weapons
 c - a +0 spear {polearm}
   (You found it on level 1 of the Dungeon)
 d - a +0 club {mace}
   (You took it off a goblin on level 1 of the Dungeon)
 e - a +0 dagger {short}
   (You took it off a goblin on level 1 of the Dungeon)
 f - a +0 whip {mace}
   (You took it off a kobold on level 1 of the Dungeon)
 i - a +0 club {mace}
   (You took it off a gnoll on level 1 of the Dungeon)
 j - a +0 club {mace}
   (You took it off a kobold on level 1 of the Dungeon)
 n - a +0 dagger {short}
   (You took it off a goblin on level 1 of the Dungeon)
 p - a +4 mace (weapon) {mace}
   (You found it on level 1 of the Dungeon)
 r - a +0 spear {polearm}
   (You found it on level 1 of the Dungeon)
 A - a +2 vampiric war axe {axe}
   (You found it on level 3 of the Dungeon)
Missiles
 k - 64 stones {throwing}
Armour
 a - a +0 robe (worn)
Magical Staves
 v - a staff of fire {!astaff}
   (You found it on level 1 of the Dungeon)
 z - a staff of cold {!astaff}
   (You found it on level 2 of the Dungeon)
Jewellery
 q - an amulet of faith (around neck) {!P}
   (You took it off a hobgoblin on level 1 of the Dungeon)
 w - a +6 ring of intelligence (left hand)
   (You found it on level 1 of the Dungeon)
Scrolls
 g - a scroll of teleportation {unknown}
 h - 2 scrolls of vulnerability {unknown}
 l - a scroll of holy word {unknown}
 s - 5 scrolls of identify {unknown}
 y - a scroll of immolation {unknown}
 B - a scroll of magic mapping {unknown}
Potions
 b - 2 potions of magic
 m - a potion of haste {unknown}
 o - 4 potions of resistance {unknown}
 t - a potion of ambrosia {unknown}
 u - 3 potions of curing {unknown}
 x - 2 potions of heal wounds {unknown}

Dungeon Overview and Level Annotations

Branches:
Dungeon (4/15)
 Temple: D:4-7

Altars:
Cheibriados

. ## .. ##.# ...
#... ....
#...##### ....
#....#..#..#
#...<..@h!.#
#.......S....[.
#...............
##.)............
#...†...##.†...
###)...## .....
....#. ....
........ ....


You could see a black bear (berserk) and an adder.


Message History

😎 MP[-1]
You lost 1 mp, and now have 4/7 mp.
What are your orders? t - Shout!
Orders for allies: a - Attack new target. r - Retreat! s - Stop attacking. g - Guard the area. f - Follow me.
Anything else - Cancel.
Gang up on whom?
Press: ? - help, Dir - move target, f - black bear
Aim: a black bear (ally target) Attack!
The black bear bites your shadow imp. The black bear claws your shadow imp.
The black bear closely misses your shadow imp.
A ball python comes into view.
Your shadow imp hits the black bear.
The black bear bites your shadow imp!
Your shadow imp dies!
Your shadow imp disappears in a puff of smoke!
Your hound closely misses the black bear.
The black bear bites your hound.
The black bear barely misses your hound.
The black bear closely misses your hound.
An adder comes into view.
Your hound closely misses the black bear.
Your quokka bites the black bear.
The black bear bites your hound.
The black bear closely misses your hound.
The black bear barely misses your hound.
Your hound bites the black bear.
Your quokka bites the black bear.
Your hound bites the black bear.
The black bear bites your hound! The black bear claws your hound. x2
Your hound dies!
Your hound's corpse disappears in a puff of smoke!
Your quokka bites the black bear.
The black bear goes berserk!
Your quokka bites the black bear.
You hit the ball python.
You kill the ball python!
Cheibriados thoroughly appreciates the change of pace.
The black bear bites your quokka. The black bear claws your quokka.
The black bear misses your quokka. The black bear bites your quokka.
Your quokka dies!
Your quokka's corpse disappears in a puff of smoke!
You hear a shout! 😎 MP[+1]
Casting: Summon Small Mammal (safe; 1% risk of failure)
Confirm with . or Enter, or press ? or * to list all spells.
You miscast Call Canine Familiar.
You are very lightly contaminated with residual magic.
Nothing appears to happen.
The adder bites you. 😕 HP[-1] MP[-3]
You take 1 damage, and now have 38/39 hp.
You lost 3 mp, and now have 2/7 mp.
Casting: Call Canine Familiar (dangerous; 3% risk of failure)
Confirm with . or Enter, or press ? or * to list all spells.
A beastly little devil appears in a puff of flame.
The black bear misses your crimson imp.
The black bear claws your crimson imp. x2
The adder closely misses you.
The black bear completely misses your crimson imp.
The black bear barely misses your crimson imp.
The black bear closely misses your crimson imp. 😕 MP[-2]
You lost 2 mp, and now have 0/7 mp.
Unknown command.
Unknown command.
You sock the adder! The black bear bites your crimson imp!
Your crimson imp dies!
Your crimson imp disappears in a puff of smoke!
The adder bites you. The adder barely misses you.
You miss the adder. The adder bites you but does no damage.
The black bear bites you.
The black bear claws you. x2; The adder bites you. 😮 HP[-16]
You take 16 damage, and now have 22/39 hp.
MASSIVE DAMAGE!! (PAUSE) Unknown command.
Unknown command.
You aren't carrying any items that you can evoke.
Unknown command.
Okay, then.
Okay, then.
You hit the black bear. The black bear bites you!
* * * LOW HITPOINT WARNING * * *
The black bear completely misses you.
The black bear claws you but does no damage.
The adder completely misses you. The black bear bites you!
* * * LOW HITPOINT WARNING * * *
The black bear claws you.
* * * LOW HITPOINT WARNING * * *
The black bear barely misses you. 😱 HP[-21]
You take 21 damage, and now have 1/39 hp.
MASSIVE DAMAGE!! (PAUSE) Unknown command.
You aren't carrying any items that you can evoke.
Unknown command.
Okay, then.
Okay, then.
You closely miss the black bear. The adder bites you but does no damage.
The black bear bites you.
You die...

Skill      XL: |  1  2  3 |
---------------+----------+-----
Summonings     | 4 5 |  5.5
Dodging        | |  1.7
Stealth        | |  1.4
Spellcasting   | |  2.4

Action                   |  1- 3 |  4- 6 || total
-------------------------+-------+-------++-------
Melee: Unarmed           |    80 |       ||    80
       Mace              |    40 |    35 ||    75
       Punch             |     1 |       ||     1
 Cast: Summon Small Mamm |    38 |     6 ||    44
       Call Imp          |     8 |    10 ||    18
       Call Canine Famil |       |     6 ||     6
 Stab: Distracted        |     1 |       ||     1
Armor: Robe              |    53 |    20 ||    73
Dodge: Dodged            |    89 |    27 ||   116

Levels and vault maps discovered:
D:1:      minmay_arrival_arboretum_small, layout_loops_ring
D:2:      layout_loops_cross, shapermc_ecumenical_altar_rom_forum
D:3:      layout_basic, mainiacjoe_overflow_concentric_impassable
D:4:      dreamdust_elfheim, layout_cave_pools, uniq_duvessa, uniq_pikel,
          uniq_robin, uniq_natasha, uniq_eustachio

Notes
Turn   | Place    | Note
-------+----------+-------------------------------------------
     0 | D:1      | spaghetti the Ogre Summoner began the quest for the Orb.
     0 | D:1      | Reached XP level 1. HP: 16/16 MP: 3/3
     0 | D:1      | magus.rc [v1.9.6]
   184 | D:1      | Reached skill level 4 in Summonings
   184 | D:1      | Reached XP level 2. HP: 21/24 MP: 1/5
   530 | D:1      | Reached XP level 3. HP: 23/31 MP: 4/6
   646 | D:1      | Learned a level 2 spell: Call Imp
  1718 | D:2      | Found a faded altar of an unknown god.
  1727 | D:2      | Got Plato's Volume of Toxins
  2233 | D:2      | Learned a level 3 spell: Call Canine Familiar
  2323 | D:2      | Reached skill level 5 in Summonings
  2323 | D:2      | Reached XP level 4. HP: 35/39 MP: 7/7
  3808 | D:3      | Found a snail-covered altar of Cheibriados.
  3844 | D:3      | Became a worshipper of Cheibriados the Contemplative
  4212 | D:4      | Noticed a black bear
  4227 | D:4      | HP: 6/39 [black bear (8)]
  4227 | D:4      | HP: 1/39 [black bear (5)]
  4228 | D:4      | Slain by a black bear

Vanquished Creatures
  An ufetubus (D:3)
  5 bats
  6 endoplasms
  A goblin (D:1)
  7 hobgoblins
  A quokka (D:1)
  2 ball pythons
  3 frilled lizards
  3 kobolds
  5 rats
34 creatures vanquished.

Vanquished Creatures (collateral kills)
  A gnoll (D:1)
  3 adders (D:3)
  A dart slug (D:2)
  4 bats
  3 endoplasms
  A giant cockroach (D:4)
  6 goblins
  2 hobgoblins
  2 jackals (D:1)
  2 ball pythons
  A frilled lizard (D:1)
  2 kobolds
  A rat (D:1)
29 creatures vanquished.

Grand Total: 63 creatures vanquished

Table legend:
 A = Non-vault XP
 B = Vault XP
 C = Vault XP percentage of total XP
 D = Non-vault monster count
 E = Vault monster count
 F = Vault count percentage of total count
                 A         B        C        D         E       F
            +---------+---------+-------+---------+---------+-------
      Total |     155 |       0 |   0.0 |      63 |       0 |   0.0
            +---------+---------+-------+---------+---------+-------
        D:1 |      63 |       0 |   0.0 |      34 |       0 |   0.0
        D:2 |      21 |       0 |   0.0 |      10 |       0 |   0.0
        D:3 |      65 |       0 |   0.0 |      15 |       0 |   0.0
        D:4 |       6 |       0 |   0.0 |       4 |       0 |   0.0
            +---------+---------+-------+---------+---------+-------

Illustrated notes

Table legend:
 A = Kills in this place as a percentage of kills in entire the game.
 B = Kills by you in this place as a percentage of kills by you in the entire game.
 C = Kills by friends in this place as a percentage of kills by friends in the entire game.
 D = Other kills in this place as a percentage of other kills in the entire game.
 E = Experience gained in this place as a percentage of experience gained in the entire game.
 F = Experience gained in this place divided by the number of levels of this place that you have seen.
                   A       B       C       D       E      F
               +-------+-------+-------+-------+-------+----------------------
         Total | 100.0 | 100.0 | 100.0 |   N/A | 100.0 |  38.8
       Dungeon | 100.0 | 100.0 | 100.0 |   N/A | 100.0 |  38.8
               +-------+-------+-------+-------+-------+----------------------

Table legend: (Time is in decaauts)
 A = Elapsed time spent in this place.
 B = Non-inter-level travel time spent in this place.
 C = Inter-level travel time spent in this place.
 D = Time resting spent in this place.
 E = Time spent auto-exploring this place.
 F = Levels seen in this place.
 G = Mean time per level.
                   A        B        C        D        E       F      G
               +--------+--------+--------+--------+--------+-----+--------+
         Total |   4316 |   4237 |     79 |    512 |   3130 |   4 | 1079.0 |
       Dungeon |   4316 |   4237 |     79 |    512 |   3130 |   4 | 1079.0 |
               +--------+--------+--------+--------+--------+-----+--------+

Top non-repeatable levels by time:
     D:1: 1676 daAuts
     D:3: 1657 daAuts
     D:2: 841 daAuts
     D:4: 141 daAuts
